 Dungeon Crawl Stone Soup version 0.28-a0-687-gb91baff9cc (webtiles) character file.

Game seed: 10731994969768287867

203 ytrimaz the Slasher (level 5, -3/51 HPs)
             Began as a Naga Berserker on Oct 19, 2021.
             Was a Believer of Trog.
             Slain by an ogre (30 damage)
             ... on level 3 of the Dungeon.
             The game lasted 00:06:30 (4557 turns).

ytrimaz the Slasher (Naga Berserker)                Turns: 4557, Time: 00:06:30

Health: -3/51      AC:  4    Str: 20    XL:     5   Next: 81%
Magic:  5/5        EV:  9    Int:  8    God:    Trog [**....]
Gold:   98         SH:  0    Dex: 10    Spells: 4/4 levels left

rFire   + . .      SeeInvis +   a - +0 falchion (flame)
rCold   . . .      Faith    .   (no shield)
rNeg    . . .      Spirit   .   i - +1 leather armour {rPois}
rPois   +          Reflect  .   (no helmet)
rElec   .          Harm     .   (no cloak)
rCorr   .          Rampage  .   (no gloves)
Will    .....                   (no barding)
Stlth   +.........              (no amulet)
HPRegen 0.17/turn               b - ring of protection from fire
MPRegen 0.09/turn               (no ring)

@: very slow
A: AC +1, large, see invisible, deformed body, poison resistance, slowness 2,
spit poison 1, naga tail 1
a: Spit Poison, Renounce Religion, Berserk, Trog's Hand


You were on level 3 of the Dungeon.
You worshipped Trog.
Trog was pleased with you.
You visited 1 branch of the dungeon, and saw 3 of its levels.

You collected 98 gold pieces.

Inventory:

Hand Weapons
 a - a +0 falchion of flaming (weapon)
Armour
 i - a +1 leather armour of poison resistance (worn)
Jewellery
 b - a ring of protection from fire (left hand)
Wands
 h - a wand of polymorph (4)
Scrolls
 d - a scroll of fog {unknown}
 e - a scroll of fear
 g - a scroll of acquirement {unknown}
 j - a scroll of identify
Potions
 c - 2 potions of brilliance {unknown}
 f - a potion of flight {unknown}


   Skills:
 + Level 4.4 Fighting
 + Level 5.2 Long Blades
 * Level 1.8 Armour
 - Level 1.5 Dodging


You had 4 spell levels left.
You didn't know any spells.
Your spell library was empty.

Dungeon Overview and Level Annotations

Branches:
Dungeon (3/15)

Altars:
Cheibriados


Innate Abilities, Weirdness & Mutations

Your serpentine skin is tough. (AC +1)
You have supernaturally acute eyesight. (SInv)
Armour fits poorly on your strangely shaped body.
Your system is resistant to poisons. (rPois)
You cover ground very slowly.
You can spit poison.
You have a snake-like lower body.


Message History

You slash the rat! You burn the rat.
You kill the rat!
Trog accepts your kill.
You have got your breath back.
You see here a rat corpse.
You see here a +0 rapier.
You open the door.
There is an open door here.
There is an open door here.
There is a stone staircase leading up here.
There is a stone staircase leading down here.
Found a stone staircase leading up.
There is an open door here.
An ogre comes into view. It is wielding a +0 giant club.
The ogre shouts!
An ogre is nearby!
An ogre is nearby!
No targets found!
A kobold comes into view. It is wielding a +0 dagger.
Found a club.
The kobold shouts!
The splash of poison hits the ogre!
The ogre is moderately wounded.
You have got your breath back.
The ogre barely misses you.
The splash of poison hits the ogre.
The ogre is poisoned.
The ogre is heavily wounded.
You slash the ogre! You burn the ogre.
The ogre is severely wounded.
The ogre hits you with a +0 giant club!!
An endoplasm comes into view.
You hit the ogre. You burn the ogre.
The ogre is almost dead.
You have got your breath back.
The ogre barely misses you.
You hit the ogre but do no damage.
The ogre is almost dead.
The ogre hits you with a +0 giant club!!
Ouch! That really hurt!
You die...

#####...)... #.
#.....).
#####.####
#.......
.........#
#.......
#.#.#.#..#
#.#####'
.........#
###.......
#.#.#.#..
#....##...
).......########
#....+<...
#.#.#.#J..KO@..#
#....#.##.
........######.#
#.........
#.#.#.#.# #.#
#####.....
........# #.#
###### .....#..#
#.# #. ####.#.##
#.# #. #
#.#######.# #.
#.#.......# ##
#.#######


You could see an ogre (poisoned), an endoplasm and a kobold.

Vanquished Creatures
  Jessica (D:2)
  Natasha (thrice) (D:2)
  4 adders
  A dart slug (D:2)
  3 ball pythons (D:1)
  6 endoplasms
  A giant cockroach (D:1)
  4 goblins
  10 hobgoblins
  3 jackals (D:1)
  10 kobolds
  3 quokkas
  4 bats
  A frilled lizard (D:2)
  8 rats
62 creatures vanquished.

Notes
Turn   | Place    | Note
-------+----------+-------------------------------------------
     0 | D:1      | ytrimaz the Naga Berserker began the quest for the Orb.
     0 | D:1      | Reached XP level 1. HP: 21/21 MP: 1/1
   332 | D:1      | Reached XP level 2. HP: 27/28 MP: 2/2
  1206 | D:1      | Reached XP level 3. HP: 28/34 MP: 3/3
  1558 | D:1      | Reached ** piety under Trog
  2078 | D:1      | Found a faded altar of an unknown god.
  2140 | D:2      | Reached skill level 4 in Long Blades
  2168 | D:2      | HP: 1/34 [hobgoblin (1)]
  2640 | D:2      | Reached XP level 4. HP: 38/43 MP: 4/4
  2678 | D:2      | Noticed Natasha
  2684 | D:2      | Killed Natasha
  2978 | D:2      | Noticed Jessica
  2981 | D:2      | Noticed Natasha
  2984 | D:2      | Killed Jessica
  2985 | D:2      | Reached XP level 5. HP: 47/50 MP: 5/5
  2994 | D:2      | Killed Natasha
  2998 | D:2      | Found a snail-covered altar of Cheibriados.
  3093 | D:2      | Noticed Natasha
  3105 | D:2      | Killed Natasha
  3106 | D:2      | Reached skill level 5 in Long Blades
  4546 | D:3      | Noticed an ogre
  4557 | D:3      | Slain by an ogre

Illustrated notes

Levels and vault maps discovered:
D:1:      psy_arrival_wood_between_worlds, layout_loops_ring,
          dreamdust_ecumenical_altar_sealed_demon, st_stairs_3
D:2:      layout_loops_cross, basic_altar, uniq_natasha, uniq_jessica
D:3:      layout_basic, serial_glass, glass_columns_b, glass_columns_c,
          due_unseen_surprise

Skill      XL: |  1  2  3  4  5 |
---------------+----------------+-----
Long Blades    | 4 5 |  5.2
Fighting       | 4 |  4.4
Armour         | |  1.8
Dodging        | |  1.5

Action                   |  1- 3 |  4- 6 || total
-------------------------+-------+-------++-------
Melee: Falchion          |   118 |    69 ||   187
Invok: Berserk           |     5 |     3 ||     8
 Abil: Spit Poison       |    11 |    16 ||    27
  Use: Scroll            |     2 |       ||     2
Armor: Animal skin       |    30 |     7 ||    37
       Leather armour    |       |    11 ||    11
Dodge: Dodged            |    76 |    39 ||   115

Table legend: (Time is in decaauts)
 A = Elapsed time spent in this place.
 B = Non-inter-level travel time spent in this place.
 C = Inter-level travel time spent in this place.
 D = Time resting spent in this place.
 E = Time spent auto-exploring this place.
 F = Levels seen in this place.
 G = Mean time per level.
                   A        B        C        D        E       F      G
               +--------+--------+--------+--------+--------+-----+--------+
         Total |   5279 |   5204 |     75 |   1785 |   2727 |   3 | 1759.7 |
       Dungeon |   5279 |   5204 |     75 |   1785 |   2727 |   3 | 1759.7 |
               +--------+--------+--------+--------+--------+-----+--------+

Top non-repeatable levels by time:
     D:1: 2400 daAuts
     D:2: 1894 daAuts
     D:3: 984 daAuts
